 Dungeon Crawl Stone Soup version 0.31.0-4-g52a2dc7128 (webtiles) character file.

Game seed: 6069066694176538193

248 Persephone the Chopper (level 6, 0/37 HPs)
             Began as a Gargoyle Fighter on Jan 21, 2024.
             Slain by Pikel
             ... wielding a +1 whip of flaming
              (1 damage)
             ... on level 4 of the Dungeon.
             The game lasted 00:05:08 (2565 turns).

Persephone the Chopper (Gargoyle Fighter)           Turns: 2565, Time: 00:05:09

Health: 0/37       AC: 15    Str: 28    XL:     6   Next: 12%
Magic:  6/6        EV:  7    Int:  8    God:
Gold:   154        SH:  4    Dex:  9    Spells: 5/5 levels left

rFire   . . .        a - +0 war axe
rCold   . . .        c - +0 buckler
rNeg    + . .        e - +0 plate armour
rPois   ∞            (no helmet)
rElec   +            (no cloak)
rCorr   .            (no gloves)
SInv    .            (no boots)
Will    .....        (no amulet) Stlth
                     j - +6 ring of strength
HPRegen 0.26/turn    (no ring)
MPRegen 0.10/turn

%: no passive effects
@: mighty
A: sickness immunity, AC +4, negative energy resistance 1, electricity
resistance, torment resistance 1, petrification resistance
a: no special abilities


You were on level 4 of the Dungeon.
You visited 1 branch of the dungeon, and saw 4 of its levels.

You collected 154 gold pieces.

Inventory:

Hand Weapons
 a - a +0 war axe (weapon)
Missiles
 o - 8 javelins (quivered)
Armour
 c - a +0 buckler (worn)
 e - a +0 plate armour (worn)
Jewellery
 j - a +6 ring of strength (left hand)
Wands
 q - a wand of roots (7)
Scrolls
 g - 5 scrolls of identify {unknown}
 h - a scroll of noise {unknown}
 l - a scroll of poison {unknown}
 m - 2 scrolls of teleportation {unknown}
 n - a scroll of blinking {unknown}
Potions
 b - 3 potions of lignification {unknown}
 f - a potion of mutation {unknown}
 i - 3 potions of degeneration {unknown}
 k - a potion of brilliance {unknown}
 p - 2 potions of curing {unknown}
 r - a potion of enlightenment {unknown}


   Skills:
 - Level 3.2 Fighting
 + Level 5.7 Axes
 - Level 3.2 Armour
 - Level 3.2 Shields


You had 5 spell levels left.
You didn't know any spells.
Your spell library was empty.

Dungeon Overview and Level Annotations

Branches:
Dungeon (4/15)
 Temple: D:4-7

Altars:

Shops:
D:1 *   D:2 *   D:4 :

Annotations:
D:4 Pikel


Innate Abilities, Weirdness & Mutations

You are immune to sickness and miasma.
Your stone body is resilient. (AC +4)
You are immune to poison.
You resist negative energy. (rN+)
You are resistant to electric shocks. (rElec)
You are resistant to unholy torment.
You are immune to petrification.


Message History

Pikel hits you but does no damage. The lemure hits you.
You slash Pikel!
Pikel is lightly wounded.
You closely miss the lemure. x2
You hit the giant cockroach but do no damage.
You block the giant cockroach's attack.
Pikel hits you with a +1 whip of flaming!
Pikel burns you. The lemure hits you but does no damage.
The lemure barely misses you.
You are too injured to fight recklessly!
You are too injured to fight recklessly!
You slash Pikel!
Pikel is heavily wounded.
You hit the lemure but do no damage. You barely miss the lemure.
You hit the giant cockroach but do no damage.
The giant cockroach bites you but does no damage.
Pikel barely misses you.
The lemure hits you but does no damage. x2
The giant cockroach closely misses you.
You feel very mighty all of a sudden.
Pikel hits you with a +1 whip of flaming.
Pikel burns you.
* * * LOW HITPOINT WARNING * * *
You block the lemure's attack. The lemure hits you but does no damage.
The giant cockroach bites you but does no damage.
Okay, then.
You barely miss Pikel.
Pikel is heavily wounded.
You barely miss the lemure. x2; You hit the giant cockroach.
Pikel hits you with a +1 whip of flaming.
* * * LOW HITPOINT WARNING * * *
Pikel burns you.
* * * LOW HITPOINT WARNING * * *
The giant cockroach bites you but does no damage.
The lemure hits you but does no damage. You block the lemure's attack.
The lemure hits you but does no damage.
Pikel hits you with a +1 whip of flaming.
* * * LOW HITPOINT WARNING * * *
Pikel burns you.
You die...
Pikel says, "See you in Hell!"

### ..####.#
.. ...
........
..##..
.#.##..#
...#..# . .###
....... . ..#
..... .## ..#
..##$.5##.##
.###
.....5K5B..##
....
.>...r5@....#
.....
......##...##
.....
.......##...##
.....
.............#
.....
...........###
....
.......###...#
.#.. . ....#
#....# .# .
....####...##
.#
....#..#....#


You could see Pikel, 4 lemures, a quokka and a giant cockroach.

Vanquished Creatures
  A bombardier beetle (D:4)
  A hound (D:4)
  Robin (D:4)
  4 gnolls (D:3)
  6 adders
  2 dart slugs (D:1)
  A ribbon worm (D:3)
  11 ball pythons
  2 bats
  3 endoplasms
  5 giant cockroaches
  16 goblins
  7 hobgoblins
  4 jackals (D:1)
  3 kobolds
  5 quokkas
  2 frilled lizards (D:1)
  7 rats
81 creatures vanquished.

Notes
Turn   | Place    | Note
-------+----------+-------------------------------------------
     0 | D:1      | Persephone the Gargoyle Fighter began the quest for the
                  | Orb.
     0 | D:1      | Reached XP level 1. HP: 14/14 MP: 1/1
    84 | D:1      | Reached skill level 2 in Axes
    97 | D:1      | Reached XP level 2. HP: 17/19 MP: 2/2
   117 | D:1      | Found Reson's General Store.
   236 | D:1      | Reached skill level 3 in Axes
   280 | D:1      | Reached XP level 3. HP: 23/23 MP: 3/3
  1159 | D:2      | Found Fifefet's General Store.
  1495 | D:3      | Reached XP level 4. HP: 25/28 MP: 4/4
  1502 | D:3      | Reached skill level 4 in Axes
  1814 | D:3      | Found a faded altar of an unknown god.
  1827 | D:3      | Reached XP level 5. HP: 29/32 MP: 5/5
  2335 | D:4      | Reached skill level 5 in Axes
  2403 | D:4      | Noticed Robin
  2425 | D:4      | Killed Robin
  2426 | D:4      | Reached XP level 6. HP: 32/37 MP: 6/6
  2467 | D:4      | Found Cioghomy's Book Boutique.
  2558 | D:4      | Noticed Pikel
  2565 | D:4      | HP: 1/37 [Pikel/+1 whip of flaming (3)]
  2565 | D:4      | Slain by Pikel

Illustrated notes

Levels and vault maps discovered:
D:1:      onia_arrival_mini_maze, layout_basic, serial_shops, shop,
          dk_noncrumbling_4, solitary_fountain, roderic_roman_lattice,
          serial_bayou_pond_b
D:2:      layout_loops_corners, serial_shops, shop
D:3:      layout_loops_ring, serial_glass, glass_columns_a, glass_columns_c,
          glass_columns_b, glass_columns_a, glass_columns_b,
          nicolae_ecumenical_snake_handling
D:4:      layout_cave_pools, serial_shops, shop, uniq_robin, uniq_pikel,
          uniq_edmund

Skill      XL: |  1  2  3  4  5 |
---------------+----------------+-----
Axes           | 2 3 4 5 |  5.7
Fighting       | |  3.2
Armour         | |  3.2
Shields        | |  3.2

Action                     |  1- 3 |  4- 6 || total
---------------------------+-------+-------++-------
  Melee: War axe           |    92 |    93 ||   185
    Use: Potion            |       |     1 ||     1
 Armour: Plate armour      |    81 |   133 ||   214
  Dodge: Dodged            |    30 |    53 ||    83
  Block: Buckler           |    20 |    29 ||    49
